Map: Dusk Towers

Players

DaBusDriver - Winner!

  • Race: Protoss Protoss
  • League: Gold

Gonophylis

  • Race: Zerg Zerg
  • League: Platinum

VOD

Have the link to the VOD?

Description

Time

  • Played on: May 10, 2016, 12:05 a.m.
  • Length: 18:32
Show
View Real Time Build Order
Export as new Build Order

DaBusDriver Protoss - Winner!

Build Orders: 1 Gate Expand 

Get SALT Encoding   

  12  0:01  Probe (Chrono Boost)  
  13  0:11  Probe (Chrono Boost)  
  14  0:18  Pylon  
  14  0:22  Probe (Chrono Boost)  
  15  0:36  Probe (Chrono Boost)  
  15  0:42  Gateway  
  16  0:47  Probe (Chrono Boost)  
  16  0:49  Assimilator  
  17  1:02  Probe (Chrono Boost)  
  17  1:03  Assimilator  
  18  1:12  Probe (Chrono Boost)  
  19  1:23  Probe (Chrono Boost)  
  20  1:33  Probe (Chrono Boost)  
  21  1:41  Nexus  
  21  1:44  Probe (Chrono Boost)  
  22  1:54  Probe (Chrono Boost)  
  22  2:00  Cybernetics Core  
  23  2:07  Pylon  
  23  2:25  Probe (Chrono Boost)  
  24  2:36  Probe (Chrono Boost)  
  25  2:38  Stalker  
  27  2:47  Probe (Chrono Boost)  
  28  2:59  Mothership Core (Chrono Boost)  
  28  3:02  Pylon  
  30  3:06  Probe (Chrono Boost)  
  31  3:16  Probe (Chrono Boost)  
  31  3:17  Probe (Chrono Boost)  
  33  3:20  Assimilator  
  33  3:24  Assimilator  
  33  3:27  Probe (Chrono Boost)  
  33  3:28  Probe (Chrono Boost)  
  33  3:30  Stargate  
  33  3:33  Stargate  
  35  3:38  Stargate, Probe x2 (Chrono Boost)  
  37  3:48  Probe (Chrono Boost)  
  38  3:49  Probe (Chrono Boost)  
  39  3:59  Probe x2 (Chrono Boost)  
  39  4:00  Pylon  
  41  4:09  Probe (Chrono Boost)  
  42  4:12  Forge  
  42  4:21  Oracle x3  
  51  4:41  Probe (Chrono Boost)  
  51  4:42  Probe (Chrono Boost)  
  51  4:44  Pylon  
  53  4:51  Probe (Chrono Boost), Pylon  
  55  4:53  Probe (Chrono Boost), Pylon  
  55  4:56  Photon Cannon  
  55  5:04  Oracle (Chrono Boost)  
  61  5:07  Oracle (Chrono Boost)  
  61  5:09  Oracle (Chrono Boost)  
  64  5:16  Photon Cannon  
  64  5:22  Photon Cannon  
  64  5:30  Pylon  
  64  5:47  Photon Cannon  
  72  5:55  Void Ray x2 (Chrono Boost)  
  72  6:22  Void Ray (Chrono Boost)  
  76  6:27  Nexus  
  76  6:29  Probe  
  81  6:35  Pylon  
  81  6:38  Void Ray (Chrono Boost)  
  81  6:40  Probe  
  81  6:42  Fleet Beacon  
  86  6:57  Void Ray (Chrono Boost)  
  86  7:18  Pylon  
  86  7:21  Assimilator  
  86  7:26  Assimilator, Photon Cannon  
  86  7:29  Tempest (Chrono Boost)  
  94  7:34  Tempest (Chrono Boost)  
  94  7:35  Pylon  
  94  7:44  Tempest (Chrono Boost)  
  98  8:04  Pylon  
  102  8:06  Tempest (Chrono Boost)  
  106  8:17  Tempest (Chrono Boost)  
  106  8:29  Photon Cannon x2  
  106  8:32  Photon Cannon  
  106  8:33  Photon Cannon  
  106  8:48  Tempest (Chrono Boost)  
  110  8:54  Tempest (Chrono Boost)  
  114  9:22  Probe  
  119  9:26  Tempest (Chrono Boost)  
  119  9:31  Tempest (Chrono Boost)  
  123  9:33  Probe  
  124  9:43  Probe  
  112  10:35  Tempest (Chrono Boost)  
  112  10:40  Stargate  
  112  10:41  Tempest x2 (Chrono Boost)  
  112  10:43  Stargate  
  112  10:51  Nexus  
  112  10:52  Pylon  
  112  10:56  Probe  
  94  11:07  Probe  
  95  11:23  Tempest (Chrono Boost)  
  102  11:47  Oracle x2 (Chrono Boost)  
  102  11:48  Oracle x2 (Chrono Boost)  
  105  12:05  Oracle (Chrono Boost)  
  99  12:49  Void Ray x3 (Chrono Boost)  
  94  13:48  Probe  
  102  13:54  Void Ray x2 (Chrono Boost)  
  103  13:58  Probe  
  104  14:14  Nexus  
  104  14:41  Pylon  
  104  14:56  Pylon  
  104  14:57  Probe  
  109  15:05  Void Ray (Chrono Boost)  
  109  15:08  Probe  
  110  15:19  Probe  
  110  15:20  Void Ray (Chrono Boost)  
  115  15:43  Probe  
  115  15:47  Probe  
  115  15:49  Void Ray (Chrono Boost)  
  121  15:54  Probe  
  122  16:03  Void Ray (Chrono Boost)  
  126  16:12  Photon Cannon  
  126  16:13  Photon Cannon  
  126  16:39  Assimilator  
  126  16:43  Assimilator  
  126  17:55  Probe  
  126  17:56  Probe  
  124  18:06  Probe  
  124  18:07  Probe  
  125  18:16  Probe  
  125  18:18  Probe  
Show
View Real Time Build Order
Export as new Build Order

Gonophylis Zerg 

Build Orders: Hatch First 

Get SALT Encoding   

  12  0:01  Drone  
  14  0:14  Drone  
  14  0:17  Overlord  
  14  0:35  Drone  
  15  0:36  Drone x2  
  17  0:46  Drone  
  18  1:03  Hatchery  
  17  1:07  Extractor, Drone  
  17  1:16  Drone  
  18  1:21  Spawning Pool  
  17  1:28  Drone  
  18  1:43  Drone x2  
  20  1:52  Hatchery  
  19  2:09  Queen  
  19  2:10  Zergling x2  
  22  2:15  Queen  
  22  2:19  Drone  
  25  2:24  Drone  
  25  2:28  Metabolic Boost  
  26  2:39  Drone x2  
  26  2:42  Overlord  
  28  2:59  Queen  
  28  3:02  Drone x2  
  28  3:03  Drone x2  
  33  3:17  Overlord  
  33  3:18  Queen  
  35  3:29  Queen  
  35  3:33  Drone  
  35  3:34  Drone  
  39  3:35  Pneumatized Carapace  
  39  3:50  Drone x5  
  39  3:51  Drone  
  45  4:06  Spore Crawler  
  45  4:07  Spore Crawler  
  43  4:12  Drone x7  
  50  4:22  Overlord  
  50  4:37  Overlord  
  50  4:38  Overlord  
  50  4:39  Queen  
  50  4:41  Zergling x2  
  50  4:44  Extractor  
  52  4:45  Extractor  
  52  4:49  Evolution Chamber  
  52  4:50  Extractor  
  52  4:51  Evolution Chamber  
  52  4:52  Drone x7  
  55  4:53  Drone x3  
  58  5:06  Drone x4  
  58  5:07  Drone x3  
  65  5:17  Zerg Ground Armor Level 1, Zerg Missile Weapons Level 1  
  65  5:26  Extractor  
  65  5:27  Extractor  
  65  5:28  Drone x5, Spore Crawler  
  65  5:29  Drone x4  
  71  5:41  Drone x2  
  71  5:42  Drone  
  74  5:49  Overlord x4  
  72  6:08  Queen x2  
  70  6:11  Hatchery  
  54  6:19  Drone x6  
  54  6:20  Drone x4  
  54  6:25  Lair  
  64  6:32  Spore Crawler  
  63  6:38  Spore Crawler  
  63  6:39  Spore Crawler  
  61  6:43  Queen  
  61  6:46  Drone  
  66  6:47  Drone x2  
  66  6:53  Spore Crawler  
  62  7:17  Drone x5  
  62  7:20  Drone x7, Spore Crawler  
  62  7:21  Drone  
  74  7:24  Drone x2  
  76  7:33  Drone x3  
  76  7:34  Hydralisk Den, Spore Crawler  
  77  7:41  Burrow, Zerg Missile Weapons Level 2  
  77  7:47  Queen  
  81  7:56  Spore Crawler  
  78  7:59  Spore Crawler  
  78  8:00  Overlord x2  
  78  8:01  Overlord  
  77  8:14  Hydralisk  
  77  8:15  Hydralisk x8  
  77  8:19  Muscular Augments  
  95  8:32  Nydus Network  
  94  8:34  Zerg Ground Armor Level 2  
  94  8:42  Overseer  
  94  8:47  Hydralisk x2  
  94  8:48  Hydralisk x5  
  108  9:02  Overseer  
  108  9:11  Hatchery  
  106  9:17  Spire  
  102  9:27  Hydralisk x4  
  102  9:28  Hydralisk x5  
  116  9:33  Nydus Canal  
  112  9:47  Nydus Canal  
  112  9:54  Drone x2  
  112  9:55  Drone x2  
  105  10:25  Hydralisk x7  
  105  10:26  Hydralisk x5  
  121  10:30  Nydus Canal  
  121  10:40  Drone  
  121  10:41  Overlord  
  121  10:42  Overlord  
  122  10:59  Queen  
  122  11:16  Drone x5  
  102  11:33  Hydralisk x3  
  102  11:34  Hydralisk x3  
  102  11:35  Queen x2  
  110  11:56  Corruptor x4  
  113  12:25  Zergling x6  
  114  12:33  Hydralisk  
  114  12:34  Hydralisk x2  
  116  12:41  Overlord x3  
  114  12:55  Extractor  
  113  13:01  Corruptor x2  
  113  13:02  Corruptor x4  
  121  13:12  Hydralisk x2  
  123  13:26  Drone x4  
  116  13:57  Hatchery  
  116  14:02  Drone x4  
  119  14:03  Drone x4  
  123  14:16  Zergling x6  
  123  14:17  Zergling x4  
  127  14:23  Hatchery  
  126  14:40  Hatchery  
  125  14:51  Zergling x12  
  120  15:30  Lurker Den  
  120  15:50  Zergling x2  
  120  15:51  Zergling x14  
  128  16:03  Zergling x10  
  133  16:08  Hydralisk x3  
  133  16:09  Extractor  
  138  16:22  Hydralisk x4  
  138  16:23  Hydralisk x2  
  143  16:32  Drone x3  
  141  16:42  Queen x3  
  141  16:50  Nydus Canal  
  141  16:54  Hydralisk x26  
  141  16:57  Lurker x4  
  144  17:15  Lurker  
  145  17:18  Spore Crawler  
  145  17:21  Spore Crawler  
  143  17:23  Overlord x5, Corruptor  
  143  17:24  Overlord  
  144  17:45  Spore Crawler  
  144  17:46  Spore Crawler  
  144  17:47  Evolution Chamber  
  141  18:09  Hatchery  
Tags
 
Add a new tag
Caveats
  • Supply blocks, unpowered buildings, or Contaminate may cause inaccurate times.
  • Supply counts are checked every 10 seconds.